Map: Romanticide LE

Players

Hellraiser

  • Race: Protoss Protoss

Clem - Winner!

  • Race: Terran Terran

Event: DreamHack SC2 Masters 2021 Winter

VOD

Have the link to the VOD?

Description

Time

  • Played on: Oct. 1, 2021, 1:12 p.m.
  • Length: 8:47

All games in this series

Show
View Real Time Build Order
Export as new Build Order

Hellraiser Protoss 

Build Orders: Phoenix Opening, Colossus Rush 

Get SALT Encoding   

  12  0:00  Probe  
  13  0:12  Probe  
  14  0:17  Pylon  
  14  0:24  Probe (Chrono Boost)  
  16  0:36  Gateway  
  16  0:37  Probe (Chrono Boost)  
  16  0:43  Probe (Chrono Boost)  
  16  0:45  Assimilator  
  17  0:51  Probe  
  17  0:53  Assimilator  
  18  1:03  Probe  
  19  1:15  Probe  
  20  1:20  Pylon  
  20  1:23  Cybernetics Core  
  20  1:27  Probe  
  21  1:39  Probe  
  22  1:45  Zealot  
  24  1:51  Probe  
  25  1:59  Stargate  
  25  2:04  Probe  
  26  2:20  Nexus  
  26  2:24  Adept (Chrono Boost)  
  28  2:30  Probe  
  29  2:40  Pylon  
  29  2:45  Phoenix (Chrono Boost)  
  32  2:58  Probe  
  32  3:00  Robotics Facility  
  32  3:08  Phoenix (Chrono Boost)  
  32  3:11  Probe  
  35  3:20  Pylon  
  35  3:24  Probe  
  36  3:29  Void Ray (Chrono Boost)  
  36  3:38  Probe  
  40  3:44  Stalker  
  40  3:47  Probe  
  39  3:51  Probe  
  39  4:00  Probe  
  38  4:04  Phoenix (Chrono Boost)  
  38  4:06  Observer  
  38  4:08  Probe  
  41  4:12  Probe  
  42  4:20  Probe  
  43  4:25  Probe (Chrono Boost)  
  43  4:30  Phoenix (Chrono Boost)  
  46  4:36  Probe (Chrono Boost)  
  46  4:37  Probe (Chrono Boost)  
  48  4:42  Robotics Bay  
  50  4:45  Probe (Chrono Boost)  
  50  4:47  Probe (Chrono Boost)  
  50  4:57  Probe  
  50  4:59  Probe  
  52  5:05  Assimilator  
  52  5:06  Warp Gate  
  52  5:08  Observer  
  52  5:09  Probe  
  52  5:13  Pylon  
  54  5:24  Nexus  
  54  5:31  Probe (Chrono Boost)  
  56  5:36  Pylon, Probe (Chrono Boost)  
  56  5:38  Assimilator  
  56  5:40  Probe (Chrono Boost)  
  57  5:44  Probe (Chrono Boost)  
  58  5:51  Probe  
  58  5:52  Colossus (Chrono Boost)  
  58  5:55  Shield Battery, Probe  
  58  5:56  Shield Battery  
  66  6:03  Pylon  
  66  6:05  Probe  
  66  6:10  Extended Thermal Lance  
  67  6:15  Forge, Probe  
  67  6:17  Probe  
  69  6:27  Gateway, Probe  
  69  6:28  Observer  
  69  6:30  Gateway  
  70  6:33  Twilight Council  
  70  6:36  Pylon  
  66  6:40  Immortal (Chrono Boost)  
  66  6:41  Pylon  
  70  6:55  Nexus  
  70  7:00  Pylon  
  70  7:05  Pylon  
  70  7:08  Colossus (Chrono Boost)  
  70  7:13  Stalker  
  78  7:21  Probe x2  
  80  7:29  Sentry x2  
  83  7:32  Pylon  
  83  7:33  Probe x2  
  83  7:34  Pylon  
  83  7:35  Pylon  
  85  7:37  Pylon  
  85  7:43  Stalker  
  83  7:46  Twilight Council  
  83  7:50  Photon Cannon  
  75  7:59  Colossus (Chrono Boost), Probe x2  
  83  8:11  Probe  
  84  8:23  Nexus  
  81  8:33  Nexus  
  81  8:34  Stalker x2  
  81  8:35  Stalker  
Show
View Real Time Build Order
Export as new Build Order

Clem Terran - Winner!

Build Orders:  

Get SALT Encoding   

  12  0:00  SCV  
  13  0:12  SCV  
  14  0:16  Supply Depot  
  14  0:25  SCV  
  15  0:38  SCV  
  15  0:39  Barracks  
  16  0:44  Refinery  
  16  0:50  SCV  
  17  1:02  SCV  
  18  1:14  SCV  
  19  1:26  Barracks Reactor  
  19  1:27  Orbital Command  
  19  1:42  Command Center  
  19  1:47  Supply Depot  
  19  1:52  SCV  
  20  2:02  Marine x2  
  20  2:04  SCV  
  23  2:10  Factory  
  23  2:16  SCV  
  23  2:20  Marine x2  
  26  2:28  SCV  
  27  2:38  Marine x2  
  27  2:40  SCV  
  30  2:45  Refinery  
  30  2:53  SCV  
  30  2:55  Factory Tech Lab  
  30  2:56  Marine x2  
  33  3:03  Barracks  
  33  3:05  SCV  
  34  3:13  Marine  
  34  3:16  Cyclone  
  34  3:17  SCV  
  39  3:21  Orbital Command  
  39  3:29  SCV  
  39  3:32  Marine  
  39  3:33  Marine  
  43  3:41  SCV  
  43  3:42  Barracks  
  43  3:46  SCV  
  41  3:53  SCV, Marine x2  
  42  3:59  SCV  
  42  4:04  Stimpack, Marine  
  42  4:05  SCV  
  42  4:07  Supply Depot  
  44  4:11  SCV, Starport  
  44  4:16  Marine, Factory Reactor  
  46  4:23  Supply Depot  
  46  4:24  SCV  
  46  4:26  Marine  
  46  4:29  SCV, Marine  
  48  4:32  Barracks Tech Lab  
  48  4:34  Engineering Bay  
  48  4:36  SCV, Marine  
  50  4:41  SCV  
  50  4:43  Marine  
  50  4:45  Refinery  
  52  4:46  Marine  
  52  4:48  SCV  
  52  4:51  Marine  
  55  4:53  SCV  
  55  4:54  Marine  
  55  4:58  Combat Shield  
  50  5:00  SCV  
  50  5:01  Marine  
  50  5:04  Medivac x2, Marine  
  50  5:05  SCV  
  56  5:07  Terran Infantry Weapons Level 1  
  56  5:10  Supply Depot  
  56  5:12  SCV, Marine x2  
  59  5:19  Marine  
  59  5:20  Factory Reactor  
  59  5:21  SCV, Supply Depot  
  61  5:22  Marine  
  61  5:26  Refinery  
  61  5:28  Missile Turret  
  62  5:32  Missile Turret, SCV, Marine x2  
  65  5:37  Marine  
  65  5:40  Marine  
  65  5:41  SCV  
  65  5:42  Supply Depot  
  68  5:45  SCV  
  66  5:50  Marine x2  
  66  5:53  SCV  
  66  5:55  Marine  
  70  5:57  SCV  
  70  5:58  Widow Mine x2, Marine  
  76  6:05  SCV  
  76  6:06  Medivac x2  
  76  6:09  SCV  
  76  6:10  Marauder, Marine, Supply Depot  
  85  6:20  Command Center  
  85  6:28  Marine  
  85  6:30  Supply Depot  
  85  6:31  Widow Mine x2, Marine x2  
  92  6:36  SCV  
  94  6:42  Viking, Supply Depot  
  94  6:44  Viking  
  94  6:51  Marine x2, Supply Depot  
  94  6:52  Marauder  
  98  6:54  Marauder  
  100  7:02  Barracks x2  
  100  7:06  SCV  
  100  7:07  SCV  
  102  7:12  Marine  
  102  7:13  Marine  
  106  7:15  Marauder  
  106  7:17  Widow Mine  
  106  7:18  SCV, Widow Mine  
  111  7:27  Viking x2  
  115  7:31  Marauder  
  115  7:32  SCV  
  115  7:35  SCV  
  119  7:38  Marine x2  
  119  7:42  Marauder  
  122  7:45  SCV  
  122  7:49  Widow Mine x2  
  125  7:52  Supply Depot  
  125  7:53  Orbital Command, SCV, Marauder  
  125  7:56  Barracks Tech Lab, Barracks Reactor  
  128  8:03  Supply Depot  
  128  8:04  SCV  
  129  8:06  Marine x2  
  129  8:07  Marauder  
  133  8:14  SCV, Marauder  
  133  8:15  Viking  
  133  8:16  SCV  
  139  8:23  Marauder  
  139  8:24  Supply Depot  
  141  8:28  SCV  

Tags
 
Add a new tag
Caveats
  • Supply blocks, unpowered buildings, or Contaminate may cause inaccurate times.
  • Supply counts are checked every 10 seconds.